Map: Romanticide LE

Players

TYTY (TY) - Winner!

  • Race: Terran Terran
  • Spawn Location: 5:00

Solar

  • Race: Zerg Zerg
  • Spawn Location: 11:00

Event: IEM Katowice 2021

VOD

Have the link to the VOD?

Description

Time

  • Played on: Feb. 22, 2021, 8:11 a.m.
  • Length: 10:11

All games in this series

Show
View Real Time Build Order
Export as new Build Order

TYTY Terran - Winner!

Build Orders:  

Get SALT Encoding   

  12  0:00  SCV  
  13  0:12  SCV  
  14  0:18  Supply Depot  
  14  0:24  SCV  
  15  0:40  Barracks  
  15  0:48  Barracks  
  15  0:52  SCV  
  16  1:04  SCV  
  16  1:06  Refinery  
  17  1:16  SCV  
  18  1:27  Marine  
  18  1:28  Orbital Command  
  19  1:34  Marine  
  20  1:43  Supply Depot  
  20  1:44  Marine  
  21  1:52  Reaper  
  22  1:54  SCV  
  23  2:08  SCV  
  24  2:10  Reaper  
  24  2:13  Bunker  
  25  2:20  SCV  
  26  2:36  SCV  
  27  2:40  Command Center  
  26  2:48  SCV, Factory  
  26  2:49  Refinery  
  27  3:01  SCV  
  28  3:10  Command Center  
  28  3:15  SCV  
  29  3:26  Supply Depot  
  30  3:27  SCV  
  30  3:31  Factory Reactor  
  30  3:34  Starport  
  30  3:39  SCV  
  31  3:51  SCV  
  31  3:54  Orbital Command  
  31  3:56  Barracks Tech Lab  
  31  4:03  SCV  
  31  4:08  Hellion  
  31  4:09  Hellion  
  36  4:15  SCV, Stimpack  
  37  4:18  Viking  
  37  4:20  SCV  
  40  4:26  Orbital Command  
  40  4:29  SCV  
  41  4:33  Hellion  
  41  4:37  Hellion, SCV  
  45  4:42  SCV  
  46  4:48  Starport Reactor  
  46  4:49  SCV  
  47  4:54  SCV x2  
  47  4:56  Marine  
  50  5:01  SCV  
  50  5:04  Marine x2  
  50  5:06  SCV  
  50  5:07  SCV, Factory Tech Lab  
  55  5:12  Supply Depot  
  55  5:13  Supply Depot  
  55  5:14  SCV, Marine  
  57  5:22  Marine x2, Engineering Bay  
  57  5:23  SCV, Engineering Bay, Orbital Command  
  57  5:25  Medivac x2  
  57  5:28  Siege Tank  
  67  5:29  SCV  
  67  5:35  Marine, Supply Depot  
  68  5:37  SCV  
  68  5:40  Marine  
  68  5:42  SCV  
  72  5:46  Refinery x2  
  72  5:48  Marine  
  72  5:49  SCV x2  
  75  5:53  Marine, Terran Infantry Weapons Level 1  
  75  5:54  SCV  
  77  5:57  Terran Infantry Armor Level 1  
  77  6:04  Barracks  
  77  6:05  SCV x2  
  77  6:06  SCV, Marine x2  
  77  6:08  Starport Reactor  
  77  6:11  Marine  
  82  6:17  SCV  
  82  6:18  SCV  
  86  6:19  SCV  
  86  6:20  Combat Shield  
  86  6:25  Barracks x2, Marine  
  86  6:26  Supply Depot  
  86  6:29  SCV  
  86  6:30  SCV  
  86  6:31  SCV  
  90  6:41  SCV  
  90  6:46  Medivac x2  
  90  6:47  Marine x2  
  84  6:54  Marine  
  84  6:55  SCV, Marine x2  
  84  6:56  SCV  
  84  6:58  Siege Tank  
  84  6:59  SCV  
  90  7:02  Command Center  
  90  7:05  Marine x2, Armory  
  90  7:08  SCV x2  
  94  7:11  SCV  
  94  7:12  Marine x2  
  94  7:13  Barracks Reactor  
  94  7:14  Supply Depot, Barracks Reactor  
  94  7:15  Supply Depot  
  97  7:16  Marine  
  97  7:18  Medivac  
  97  7:20  SCV  
  101  7:29  Refinery x2  
  101  7:32  SCV  
  101  7:36  Medivac, SCV x2, Marine x2  
  107  7:41  Marine x2  
  109  7:44  SCV  
  109  7:48  SCV  
  109  7:50  Marine x4  
  109  7:51  Marine  
  113  7:53  Medivac  
  113  7:54  SCV  
  113  7:57  SCV  
  117  7:59  Supply Depot  
  117  8:00  Supply Depot  
  117  8:01  Marine  
  117  8:05  Factory  
  117  8:13  Medivac, Marine x7  
  117  8:17  Marine  
  117  8:19  Marine  
  124  8:23  Medivac, Widow Mine, Drilling Claws  
  124  8:25  SCV x3  
  131  8:31  Marine x7  
  131  8:32  Supply Depot  
  138  8:35  Marine, Sensor Tower  
  138  8:37  SCV x3, Marine  
  143  8:49  Marine x5, Factory Reactor  
  143  8:53  Marine  
  143  8:54  Widow Mine  
  143  8:55  Planetary Fortress  
  150  8:56  SCV x2  
  148  9:04  Marine x3  
  148  9:06  Medivac x2, Marine x3  
  156  9:15  SCV  
  156  9:16  SCV  
  151  9:17  Marine x3  
  151  9:21  Widow Mine  
  151  9:22  Marine x2  
  153  9:25  SCV  
  153  9:27  SCV, Barracks  
  153  9:28  SCV, Barracks x2  
  155  9:34  Widow Mine  
  156  9:46  Supply Depot  
  156  9:47  Marine, Supply Depot  
  156  9:49  Supply Depot  
Show
View Real Time Build Order
Export as new Build Order

Solar Zerg 

Build Orders: Hatch First 

Get SALT Encoding   

  12  0:00  Drone  
  13  0:12  Overlord  
  13  0:17  Drone  
  14  0:31  Drone x2  
  16  0:48  Hatchery  
  15  0:51  Drone  
  15  0:55  Drone  
  17  0:58  Drone  
  18  1:13  Spawning Pool  
  18  1:16  Drone  
  18  1:20  Drone  
  19  1:28  Drone  
  19  1:30  Extractor  
  19  1:38  Drone  
  20  1:49  Drone  
  22  2:01  Zergling x4, Queen  
  22  2:04  Spine Crawler  
  23  2:11  Zergling x4  
  25  2:21  Queen  
  27  2:24  Zergling x2  
  27  2:27  Overlord  
  26  2:35  Drone  
  26  2:37  Drone  
  24  2:44  Drone  
  24  2:48  Drone  
  26  2:54  Drone x2  
  28  3:05  Overlord  
  28  3:06  Overlord  
  28  3:12  Metabolic Boost  
  28  3:24  Drone x4  
  28  3:26  Drone  
  33  3:29  Drone x2  
  33  3:32  Drone  
  37  3:34  Drone  
  37  3:42  Queen  
  37  3:46  Zergling x4  
  41  3:54  Drone x2  
  43  4:04  Drone  
  43  4:05  Overlord  
  43  4:07  Hatchery  
  43  4:08  Drone  
  44  4:10  Overlord  
  44  4:17  Overlord  
  44  4:23  Queen  
  46  4:25  Drone x2  
  46  4:26  Zergling x2  
  46  4:30  Zergling x2  
  46  4:31  Drone x3  
  53  4:35  Drone  
  54  4:39  Drone  
  54  4:42  Drone  
  56  4:50  Overlord  
  56  4:51  Drone x2  
  58  4:54  Overlord  
  58  4:55  Zergling x2  
  58  4:58  Overlord  
  58  4:59  Baneling Nest, Drone x2  
  59  5:07  Overlord, Extractor  
  59  5:08  Extractor, Queen  
  59  5:10  Zergling x2  
  59  5:13  Lair  
  60  5:15  Drone  
  60  5:19  Drone  
  63  5:21  Drone  
  63  5:24  Queen  
  63  5:25  Drone x2  
  63  5:26  Drone  
  69  5:28  Drone  
  69  5:31  Drone  
  69  5:35  Drone x3  
  73  5:38  Overlord  
  73  5:41  Drone x2  
  75  5:49  Evolution Chamber  
  74  5:51  Drone x3  
  74  5:53  Spore Crawler  
  74  5:54  Overlord  
  74  5:55  Drone  
  74  5:56  Drone x2  
  78  5:57  Zergling x4  
  78  6:00  Drone  
  78  6:02  Drone  
  78  6:04  Extractor x2, Drone  
  81  6:11  Drone  
  81  6:12  Centrifical Hooks  
  81  6:14  Overseer  
  81  6:15  Zerg Ground Armor Level 1  
  81  6:16  Drone x2  
  84  6:19  Drone x2  
  84  6:21  Zergling x2  
  84  6:23  Zergling x2  
  84  6:24  Zergling x2  
  84  6:25  Baneling x3  
  89  6:28  Zergling x2  
  89  6:32  Zergling x12  
  96  6:33  Baneling  
  96  6:34  Overlord  
  96  6:38  Zergling x2  
  96  6:39  Queen  
  94  6:43  Zergling x2  
  94  6:46  Queen  
  84  6:48  Zergling x8  
  84  6:54  Zergling x4  
  80  6:57  Drone  
  80  6:59  Drone  
  80  7:00  Drone  
  83  7:01  Drone x3  
  83  7:08  Drone x2  
  84  7:11  Drone  
  85  7:18  Drone x3  
  85  7:19  Drone  
  85  7:22  Hatchery, Baneling  
  88  7:23  Zergling x4, Evolution Chamber, Baneling x3  
  89  7:31  Baneling x4  
  89  7:33  Zergling x10  
  92  7:38  Zergling x2  
  92  7:42  Zergling x4  
  94  7:51  Zergling x6  
  95  7:53  Overlord  
  95  7:56  Drone x3  
  95  7:57  Overlord  
  97  8:01  Overlord, Zerg Melee Weapons Level 1  
  97  8:04  Baneling  
  95  8:08  Zergling x10  
  95  8:11  Queen  
  98  8:14  Zergling x6  
  98  8:19  Drone  
  100  8:23  Drone  
  100  8:24  Baneling x3  
  100  8:25  Drone, Baneling x6  
  102  8:29  Drone  
  102  8:31  Overseer  
  102  8:34  Drone  
  104  8:35  Drone x6  
  104  8:36  Extractor, Drone, Infestation Pit, Queen  
  104  8:37  Zergling x2  
  104  8:40  Baneling x2  
  111  8:41  Drone  
  112  8:49  Zergling x2  
  112  8:50  Zergling x4  
  112  8:54  Hatchery  
  113  8:58  Zergling x12  
  112  9:04  Zergling x2  
  112  9:05  Zergling x4, Baneling  
  112  9:06  Baneling  
  112  9:07  Baneling x2  
  112  9:09  Zergling x12  
  118  9:13  Zergling x2  
  111  9:17  Zergling x4  
  103  9:24  Zergling x6, Queen  
  103  9:27  Drone  
  103  9:29  Baneling x3  
  103  9:30  Baneling x6  
  105  9:31  Drone  
  105  9:33  Zergling x8  
  105  9:36  Drone x2  
  111  9:44  Zergling x4  
  113  9:47  Overlord x2  
  113  9:49  Overseer  
  113  9:51  Hatchery  
  113  9:52  Zergling x10  

Tags
 
Add a new tag
Caveats
  • Supply blocks, unpowered buildings, or Contaminate may cause inaccurate times.
  • Supply counts are checked every 10 seconds.